 Dungeon Crawl Stone Soup version 0.30.0-13-g156ef70053 (webtiles) character file.

Game seed: 4986402635823543333

165 AlmostDecent the Digger (level 5, -3/28 HPs)
             Began as a Gargoyle Earth Elementalist on May 17, 2023.
             Killed from afar by an orc wizard (8 damage)
             ... with a magic dart
             ... on level 3 of the Dungeon.
             The game lasted 00:07:36 (2568 turns).

AlmostDecent the Digger (GrEE)                      Turns: 2568, Time: 00:07:37

Health: -3/28      AC:  8    Str: 11    XL:     5   Next: 46%
Magic:  5/10       EV: 12    Int: 18    God:
Gold:   161        SH:  0    Dex: 10    Spells: 10/11 levels left

rFire   . . .        s - +0 club
rCold   . . .        (no shield)
rNeg    + . .        a - +0 robe
rPois   ∞            o - +1 hat
rElec   +            r - +0 cloak
rCorr   .            (no gloves)
SInv    .            (no boots)
Will    .....        (no amulet)
Stlth   ++           (no ring)
HPRegen 0.24/turn    (no ring)
MPRegen 0.12/turn

%: no passive effects
@: no status effects
A: sickness immunity, AC +4, negative energy resistance 1, electricity
resistance, torment resistance 1, petrification resistance
a: no special abilities


You were on level 3 of the Dungeon.
You visited 1 branch of the dungeon, and saw 4 of its levels.

You collected 161 gold pieces.

Inventory:

Hand Weapons
 s - a +0 club (weapon)
Armour
 a - a +0 robe (worn)
 o - a +1 hat (worn)
 r - a +0 cloak (worn)
Jewellery
 l - an amulet of guardian spirit
Scrolls
 d - 2 scrolls of blinking {unknown}
 e - a scroll of magic mapping {unknown}
 f - a scroll of teleportation {unknown}
 g - a scroll of immolation {unknown}
 h - a scroll of noise {unknown}
 i - a scroll of identify {unknown}
 j - a scroll of amnesia {unknown}
 k - a scroll of fog {unknown}
 m - a scroll of fear {unknown}
 p - a scroll of brand weapon {unknown}
 q - a scroll of enchant armour {unknown}
Potions
 b - a potion of magic
 c - a potion of attraction {unknown}
 n - a potion of curing {unknown}


   Skills:
 + Level 0.3 Fighting
 + Level 2.0 Dodging
 + Level 2.4 Stealth
 + Level 0.8 Unarmed Combat
 * Level 3.8 Spellcasting
 + Level 0.7 Transmutations
 + Level 5.0 Earth Magic


You had 10 spell levels left.
You knew the following spells:

 Your Spells              Type           Power      Damage    Failure   Level
a - Sandblast             Erth           42%        2d11      1%          1

Your spell library contained the following spells:

 Spells                   Type           Power      Damage    Failure   Level
 Passwall                 Tmut/Erth      10%        N/A       7%          2
 Stone Arrow              Conj/Erth      24%        3d8       16%         3
 Ensorcelled Hibernation  Hex/Ice        6%         N/A       22%         2
 Spider Form              Tmut/Pois      4%         N/A       36%         3
 Vhi's Electric Charge    Tloc/Air       6%         N/A       41%         3
 Petrify                  Tmut/Erth      13%        N/A       43%         4
 Anguish                  Hex/Necr       1%         N/A       83%         4
 Arcjolt                  Conj/Air       1%         1d11      99%         5
 Plasma Beam              Fire/Air       1%         2x1d12    100%        6


Dungeon Overview and Level Annotations

Branches:
Dungeon (4/15)
 Temple: D:4-7

Altars:


Innate Abilities, Weirdness & Mutations

You are immune to sickness and miasma.
Your stone body is resilient. (AC +4)
You are immune to poison.
You resist negative energy. (rN+)
You are resistant to electric shocks. (rElec)
You are resistant to unholy torment.
You are immune to petrification.


Message History

You hear some strange, mumbled words.
Something tries to affect you, but you resist.
You miss something. Something hits you. Something hits you but does no damage.
You hit something but do no damage. Something hits you but does no damage.
You hit something. Your punch misses something.
Something hits you but does no damage.
You miss something. Something hits you but does no damage. Something hits you.
You hit something. Something hits you but does no damage.
You miss something. Something hits you.
You miss something. Something hits you.
* * * LOW HITPOINT WARNING * * *
Something hits you but does no damage.
You hit something but do no damage. Something hits you.
* * * LOW HITPOINT WARNING * * *
You miss something.
You hear some strange, mumbled words.
A puff of flame appears from out of thin air!
The puff of flame misses you.
You barely miss something. Something hits you but does no damage.
You closely miss something. Something hits you but does no damage.
Something hits you.
* * * LOW HITPOINT WARNING * * *
You hit something. Something hits you but does no damage.
You hit something. Something hits you but does no damage.
You miss something. Something barely misses you.
Something hits you but does no damage.
You barely miss something. Something hits you but does no damage.
You miss something. Something hits you but does no damage.
You hit something but do no damage. Something hits you but does no damage.
Something hits you.
* * * LOW HITPOINT WARNING * * *
You miss something. Something hits you but does no damage.
You closely miss something. Something hits you but does no damage.
You closely miss something. Something hits you but does no damage.
You closely miss something.
An orc wizard appears from thin air!
Reactivating autopickup.
The orc wizard closely misses you. The orc wizard casts a spell at you.
The magic dart hits you!
You die...

#.............
#.#.#########.
#.#.#.......#.
#.#.#.......#.
#.#.#..♣♣♣..#.
#.#.#..♣_'..'.
#.#.#..♣♣♣..#.
#####.#.#.......#.
#@o.....#.......#.
###)#####.#########.
############.....#
#...........
#.#..oo...##.#.#.#
###.####..##
#.######....#.#.#
#.# ##).. #..)#.#
####.#.#.#####.#
#..## .... #.#
#...#.......####.##
###$ #?#
##...#####........#
.. #.# #..#.#
#.....####


You could see an orc wizard.

Vanquished Creatures
  An orc priest (D:3)
  An orc wizard (D:2)
  2 adders
  2 worms (D:2)
  4 dart slugs
  4 orcs
  7 bats
  4 endoplasms
  3 giant cockroaches
  5 hobgoblins
  4 jackals (D:1)
  2 quokkas (D:3)
  3 ball pythons
  4 frilled lizards
  A goblin (D:1)
  4 kobolds
  3 rats
54 creatures vanquished.

Vanquished Creatures (others)
  An orc wizard (D:2)
1 creature vanquished.

Grand Total: 55 creatures vanquished

Notes
Turn   | Place    | Note
-------+----------+-------------------------------------------
     0 | D:1      | AlmostDecent the Gargoyle Earth Elementalist began the
                  | quest for the Orb.
     0 | D:1      | Reached XP level 1. HP: 10/10 MP: 3/3
   233 | D:1      | Reached XP level 2. HP: 15/15 MP: 3/5
   872 | D:1      | Reached skill level 4 in Earth Magic
  1014 | D:1      | Reached XP level 3. HP: 19/19 MP: 3/6
  1149 | D:2      | Reached XP level 4. HP: 24/24 MP: 0/8
  2171 | D:3      | Reached XP level 5. HP: 28/28 MP: 8/10
  2336 | D:3      | Found a faded altar of an unknown god.
  2540 | D:3      | Reached skill level 5 in Earth Magic
  2568 | D:3      | Killed from afar by an orc wizard

Illustrated notes

Levels and vault maps discovered:
D:1:      dpeg_arrival_rooms_b, layout_loops_corners
D:2:      layout_basic, minmay_misc_feat_columns, hangedman_decor_lopped,
          grunt_ministairs_2
D:3:      wad_crossroads, layout_basic, hellmonk_ecumenical_altar_inner_sanctum,
          saegor_snake_ambush, uniq_natasha, uniq_terence
D:4:      layout_loops_ring, uniq_eustachio

Skill      XL: |  1  2  3  4  5 |
---------------+----------------+-----
Earth Magic    | 4 5 |  5.0
Spellcasting   | 3 |  3.8
Dodging        | 2 |  2.0
Fighting       | |  0.3
Stealth        | |  2.4
Unarmed Combat | |  0.8
Transmutations | |  0.7

Action                     |  1- 3 |  4- 6 || total
---------------------------+-------+-------++-------
  Melee: Unarmed           |    11 |     2 ||    13
         Club              |       |    24 ||    24
   Cast: Sandblast         |    33 |    63 ||    96
 Armour: Robe              |    18 |    42 ||    60
  Dodge: Dodged            |    40 |    32 ||    72
